Workbook
Name Accuracy: OFFSET('Daily Data'!$J$2,0,0,COUNTA('Daily Data'!$J$2:$J$997),1)
Name AllData: OFFSET('Daily Data'!$A$1,0,0,COUNTA('Daily Data'!$A$1:$M$997),13)
Name Correct: OFFSET('Daily Data'!$F$2,0,0,COUNTA('Daily Data'!$F$2:$F$997),1)
Name QTime: OFFSET('Daily Data'!$H$2,0,0,COUNTA('Daily Data'!$H$2:$H$997),1)
Name Question: OFFSET('Daily Data'!$A$2,0,0,COUNTA('Daily Data'!$A$2:$A$997),1)
Name Target: OFFSET('Daily Data'!$I$2,0,0,COUNTA('Daily Data'!$I$2:$I$997),1)

Sheet Daily Data
A1: SN | B1: Question | C1: Family | D1: Type | E1: Error Type | F1: C/W | G1: Time | H1: Q. Time | I1: Target | J1: Accuracy | K1: Issue | L1: E. Type | M1: Difficulty
A2: 1 | B2: http://www.manhattangmat.com/forums/cr-question-t608.html | C2: =IF(OR(D2="Strengthen", D2="Weaken", D2="Assumption"), "A/S/W Family", (IF(OR(D2="Bold Faced", D2="Describe role A & B"), "Structure Family", IF(OR(D2="Conclusion/Inference", D2="If-true others"), "Evidence Family", "Others")))) -> A/S/W Family | D2: Strengthen | E2: In-correct | F2: =IF(E2="","",IF(E2="Correct",0,1)) -> 1 | G2: 0.0024884259 | H2: =G2 -> 0.0024884259 | I2: 0.0013888889 | J2: =IF(I2="","",1-AVERAGE(OFFSET('Daily Data'!$F$2,0,0,COUNTA('Daily Data'!$F$2:$F$997),1))) -> 0.81578947 | K2: Didn't compare the two final options as I was sure of the answer | L2: OC
A3: 2 | B3: http://www.manhattangmat.com/forums/jennifer-video-rental-outlets-in-centerville-prep-cr-t8752.html | C3: =IF(OR(D3="Strengthen", D3="Weaken", D3="Assumption"), "A/S/W Family", (IF(OR(D3="Bold Faced", D3="Describe the argument"), "Structure Family", IF(OR(D3="Conclusion/Inference", D3="If-true others"), "Evidence Family", "Others")))) -> A/S/W Family | D3: Weaken | E3: Correct | F3: =IF(E3="","",IF(E3="Correct",0,1)) -> 0 | G3: 0.0048148148 | H3: =G3-G2 -> 0.0023263889 | I3: =IF(H3="","",I2) -> 0.0013888889 | J3: =IF(I3="","",1-AVERAGE(OFFSET('Daily Data'!$F$2,0,0,COUNTA('Daily Data'!$F$2:$F$997),1))) -> 0.81578947 | K3: Didn't compare the two final options as I was sure of the answer
A4: 3 | B4: http://www.manhattangmat.com/forums/fullerenes-t7457.html | C4: =IF(OR(D4="Strengthen", D4="Weaken", D4="Assumption"), "A/S/W Family", (IF(OR(D4="Bold Faced", D4="Describe the argument"), "Structure Family", IF(OR(D4="Conclusion/Inference", D4="If-true others"), "Evidence Family", "Others")))) -> A/S/W Family | D4: Weaken | E4: Correct | F4: =IF(E4="","",IF(E4="Correct",0,1)) -> 0 | G4: 0.0076851852 | H4: =G4-G3 -> 0.0028703704 | I4: =IF(H4="","",I3) -> 0.0013888889 | J4: =IF(I4="","",1-AVERAGE(OFFSET('Daily Data'!$F$2,0,0,COUNTA('Daily Data'!$F$2:$F$997),1))) -> 0.81578947 | K4: Double the time spent. No comparison of options in the end
A5: 4 | B5: http://www.manhattangmat.com/forums/finding-of-a-survey-of-systems-magazine-subscribers-t4728.html | C5: =IF(OR(D5="Strengthen", D5="Weaken", D5="Assumption"), "A/S/W Family", (IF(OR(D5="Bold Faced", D5="Describe the argument"), "Structure Family", IF(OR(D5="Conclusion/Inference", D5="If-true others"), "Evidence Family", "Others")))) -> Others | D5: Rest | E5: Correct | F5: =IF(E5="","",IF(E5="Correct",0,1)) -> 0 | G5: 0.010590278 | H5: =G5-G4 -> 0.0029050926 | I5: =IF(H5="","",I4) -> 0.0013888889 | J5: =IF(I5="","",1-AVERAGE(OFFSET('Daily Data'!$F$2,0,0,COUNTA('Daily Data'!$F$2:$F$997),1))) -> 0.81578947 | K5: Double the time spent. The time went in understanding the argument.
A6: 5 | B6: http://gmatclub.com/forum/a-major-impediment-of-wide-accepatance-of-electrical-vehicle-104913.html | C6: =IF(OR(D6="Strengthen", D6="Weaken", D6="Assumption"), "A/S/W Family", (IF(OR(D6="Bold Faced", D6="Describe the argument"), "Structure Family", IF(OR(D6="Conclusion/Inference", D6="If-true others"), "Evidence Family", "Others")))) -> A/S/W Family | D6: Weaken | E6: Correct | F6: =IF(E6="","",IF(E6="Correct",0,1)) -> 0 | G6: 0.012824074 | H6: =G6-G5 -> 0.0022337963 | I6: =IF(H6="","",I5) -> 0.0013888889 | J6: =IF(I6="","",1-AVERAGE(OFFSET('Daily Data'!$F$2,0,0,COUNTA('Daily Data'!$F$2:$F$997),1))) -> 0.81578947 | K6: Slow. Elimination and reasoning both used.
A7: 6 | B7: http://gmatclub.com/forum/until-now-only-injectable-vaccines-104803.html | C7: =IF(OR(D7="Strengthen", D7="Weaken", D7="Assumption"), "A/S/W Family", (IF(OR(D7="Bold Faced", D7="Describe the argument"), "Structure Family", IF(OR(D7="Conclusion/Inference", D7="If-true others"), "Evidence Family", "Others")))) -> A/S/W Family | D7: Strengthen | E7: Correct | F7: =IF(E7="","",IF(E7="Correct",0,1)) -> 0 | G7: 0.014525463 | H7: =G7-G6 -> 0.0017013889 | I7: =IF(H7="","",I6) -> 0.0013888889 | J7: =IF(I7="","",1-AVERAGE(OFFSET('Daily Data'!$F$2,0,0,COUNTA('Daily Data'!$F$2:$F$997),1))) -> 0.81578947 | K7: Fast. Elimination, reasoning and quick solve. Easy and good.
A8: 7 | B8: http://www.manhattangmat.com/forums/in-parts-of-south-america-t5816.html | C8: =IF(OR(D8="Strengthen", D8="Weaken", D8="Assumption"), "A/S/W Family", (IF(OR(D8="Bold Faced", D8="Describe the argument"), "Structure Family", IF(OR(D8="Conclusion/Inference", D8="If-true others"), "Evidence Family", "Others")))) -> A/S/W Family | D8: Strengthen | E8: Correct | F8: =IF(E8="","",IF(E8="Correct",0,1)) -> 0 | G8: 0.01681713 | H8: =G8-G7 -> 0.0022916667 | I8: =IF(H8="","",I7) -> 0.0013888889 | J8: =IF(I8="","",1-AVERAGE(OFFSET('Daily Data'!$F$2,0,0,COUNTA('Daily Data'!$F$2:$F$997),1))) -> 0.81578947 | K8: Slow. OPTION COMPARISON CORRECTLY APPLIED
A9: 8 | B9: http://gmatclub.com/forum/per-capita-expenditure-of-drugs-in-voronia-gmat-prep-82043.html | C9: =IF(OR(D9="Strengthen", D9="Weaken", D9="Assumption"), "A/S/W Family", (IF(OR(D9="Bold Faced", D9="Describe the argument"), "Structure Family", IF(OR(D9="Conclusion/Inference", D9="If-true others"), "Evidence Family", "Others")))) -> A/S/W Family | D9: Strengthen | E9: Correct | F9: =IF(E9="","",IF(E9="Correct",0,1)) -> 0 | G9: 0.018645833 | H9: =G9-G8 -> 0.0018287037 | I9: =IF(H9="","",I8) -> 0.0013888889 | J9: =IF(I9="","",1-AVERAGE(OFFSET('Daily Data'!$F$2,0,0,COUNTA('Daily Data'!$F$2:$F$997),1))) -> 0.81578947 | K9: Fast. Elimination, reasoning and quick solve. Easy and good.
A10: 9 | B10: http://www.manhattangmat.com/forums/please-help-me-with-this-one-t7546.html | C10: =IF(OR(D10="Strengthen", D10="Weaken", D10="Assumption"), "A/S/W Family", (IF(OR(D10="Bold Faced", D10="Describe the argument"), "Structure Family", IF(OR(D10="Conclusion/Inference", D10="If-true others"), "Evidence Family", "Others")))) -> Evidence Family | D10: Conclusion/Inference | E10: Correct | F10: =IF(E10="","",IF(E10="Correct",0,1)) -> 0 | G10: 0.020497685 | H10: =G10-G9 -> 0.0018518519 | I10: =IF(H10="","",I9) -> 0.0013888889 | J10: =IF(I10="","",1-AVERAGE(OFFSET('Daily Data'!$F$2,0,0,COUNTA('Daily Data'!$F$2:$F$997),1))) -> 0.81578947 | K10: Fast. Elimination, reasoning and quick solve. Could we do it faster??
A11: 10 | B11: http://gmatclub.com/forum/united-lumber-104662.html | C11: =IF(OR(D11="Strengthen", D11="Weaken", D11="Assumption"), "A/S/W Family", (IF(OR(D11="Bold Faced", D11="Describe the argument"), "Structure Family", IF(OR(D11="Conclusion/Inference", D11="If-true others"), "Evidence Family", "Others")))) -> A/S/W Family | D11: Strengthen | E11: Correct | F11: =IF(E11="","",IF(E11="Correct",0,1)) -> 0 | G11: 0.022546296 | H11: =G11-G10 -> 0.0020486111 | I11: =IF(H11="","",I10) -> 0.0013888889 | J11: =IF(I11="","",1-AVERAGE(OFFSET('Daily Data'!$F$2,0,0,COUNTA('Daily Data'!$F$2:$F$997),1))) -> 0.81578947 | K11: Slow. OPTION COMPARISON CORRECTLY APPLIED
A12: 11 | B12: http://www.manhattangmat.com/forums/it-is-theoretically-possible-that-bacteria-developed-t7783.html | C12: =IF(OR(D12="Strengthen", D12="Weaken", D12="Assumption"), "A/S/W Family", (IF(OR(D12="Bold Faced", D12="Describe the argument"), "Structure Family", IF(OR(D12="Conclusion/Inference", D12="If-true others"), "Evidence Family", "Others")))) -> A/S/W Family | D12: Weaken | E12: Correct | F12: =IF(E12="","",IF(E12="Correct",0,1)) -> 0 | G12: 0.024085648 | H12: =G12-G11 -> 0.0015393519 | I12: =IF(H12="","",I11) -> 0.0013888889 | J12: =IF(I12="","",1-AVERAGE(OFFSET('Daily Data'!$F$2,0,0,COUNTA('Daily Data'!$F$2:$F$997),1))) -> 0.81578947 | K12: Fast. Elimination, reasoning and quick solve. Could we do it faster??
A13: 12 | B13: http://www.manhattangmat.com/forums/cr-in-response-to-mounting-pubic-concern-an-airplane-t7984.html | C13: =IF(OR(D13="Strengthen", D13="Weaken", D13="Assumption"), "A/S/W Family", (IF(OR(D13="Bold Faced", D13="Describe the argument"), "Structure Family", IF(OR(D13="Conclusion/Inference", D13="If-true others"), "Evidence Family", "Others")))) -> A/S/W Family | D13: Assumption | E13: In-correct | F13: =IF(E13="","",IF(E13="Correct",0,1)) -> 1 | G13: 0.026643519 | H13: =G13-G12 -> 0.0025578704 | I13: =IF(H13="","",I12) -> 0.0013888889 | J13: =IF(I13="","",1-AVERAGE(OFFSET('Daily Data'!$F$2,0,0,COUNTA('Daily Data'!$F$2:$F$997),1))) -> 0.81578947 | K13: Slow. Assumption basics error done, new information in the option added and didn't stick with the basics. | L13: NI
A14: 13 | B14: http://www.manhattangmat.com/forums/burton-tool-bold-face-t9823.html | C14: =IF(OR(D14="Strengthen", D14="Weaken", D14="Assumption"), "A/S/W Family", (IF(OR(D14="Bold Faced", D14="Describe the argument"), "Structure Family", IF(OR(D14="Conclusion/Inference", D14="If-true others"), "Evidence Family", "Others")))) -> Structure Family | D14: Bold Faced | E14: Correct | F14: =IF(E14="","",IF(E14="Correct",0,1)) -> 0 | G14: 0.028564815 | H14: =G14-G13 -> 0.0019212963 | I14: =IF(H14="","",I13) -> 0.0013888889 | J14: =IF(I14="","",1-AVERAGE(OFFSET('Daily Data'!$F$2,0,0,COUNTA('Daily Data'!$F$2:$F$997),1))) -> 0.81578947 | K14: Bold faced, stuck with the basics and found the answer
A15: 14 | B15: http://www.manhattangmat.com/forums/the-recent-decline-in-numbers-of-the-tennessee-warbler-t8066.html | C15: =IF(OR(D15="Strengthen", D15="Weaken", D15="Assumption"), "A/S/W Family", (IF(OR(D15="Bold Faced", D15="Describe the argument"), "Structure Family", IF(OR(D15="Conclusion/Inference", D15="If-true others"), "Evidence Family", "Others")))) -> A/S/W Family | D15: Weaken | E15: Correct | F15: =IF(E15="","",IF(E15="Correct",0,1)) -> 0 | G15: 0.031122685 | H15: =G15-G14 -> 0.0025578704 | I15: =IF(H15="","",I14) -> 0.0013888889 | J15: =IF(I15="","",1-AVERAGE(OFFSET('Daily Data'!$F$2,0,0,COUNTA('Daily Data'!$F$2:$F$997),1))) -> 0.81578947 | K15: Slow, but followed elimination path
A16: 15 | B16: http://www.manhattangmat.com/forums/superoxy-t7205.html | C16: =IF(OR(D16="Strengthen", D16="Weaken", D16="Assumption"), "A/S/W Family", (IF(OR(D16="Bold Faced", D16="Describe the argument"), "Structure Family", IF(OR(D16="Conclusion/Inference", D16="If-true others"), "Evidence Family", "Others")))) -> Structure Family | D16: Bold Faced | E16: Correct | F16: =IF(E16="","",IF(E16="Correct",0,1)) -> 0 | G16: 0.032511574 | H16: =G16-G15 -> 0.0013888889 | I16: =IF(H16="","",I15) -> 0.0013888889 | J16: =IF(I16="","",1-AVERAGE(OFFSET('Daily Data'!$F$2,0,0,COUNTA('Daily Data'!$F$2:$F$997),1))) -> 0.81578947 | K16: Fast. Elimination, reasoning and quick solve. Easy and good.
A17: 16 | B17: http://www.manhattangmat.com/forums/traces-of-cultivated-emmer-wheat-have-been-found-among-t8331.html | C17: =IF(OR(D17="Strengthen", D17="Weaken", D17="Assumption"), "A/S/W Family", (IF(OR(D17="Bold Faced", D17="Describe the argument"), "Structure Family", IF(OR(D17="Conclusion/Inference", D17="If-true others"), "Evidence Family", "Others")))) -> A/S/W Family | D17: Strengthen | E17: Correct | F17: =IF(E17="","",IF(E17="Correct",0,1)) -> 0 | G17: 0.03568287 | H17: =G17-G16 -> 0.0031712963 | I17: =IF(H17="","",I16) -> 0.0013888889 | J17: =IF(I17="","",1-AVERAGE(OFFSET('Daily Data'!$F$2,0,0,COUNTA('Daily Data'!$F$2:$F$997),1))) -> 0.81578947 | K17: Slow. OPTION COMPARISON CORRECTLY APPLIED
A18: 17 | B18: http://www.manhattangmat.com/forums/gmac-practice-test-critical-reasoning-2-t1320.html | C18: =IF(OR(D18="Strengthen", D18="Weaken", D18="Assumption"), "A/S/W Family", (IF(OR(D18="Bold Faced", D18="Describe the argument"), "Structure Family", IF(OR(D18="Conclusion/Inference", D18="If-true others"), "Evidence Family", "Others")))) -> Structure Family | D18: Bold Faced | E18: In-correct | F18: =IF(E18="","",IF(E18="Correct",0,1)) -> 1 | G18: 0.039224537 | H18: =G18-G17 -> 0.0035416667 | I18: =IF(H18="","",I17) -> 0.0013888889 | J18: =IF(I18="","",1-AVERAGE(OFFSET('Daily Data'!$F$2,0,0,COUNTA('Daily Data'!$F$2:$F$997),1))) -> 0.81578947 | K18: Worst solving of the option. DID NOT READ ALL THE OPTIONS CAREFULLY | L18: R
A19: 18 | B19: http://www.manhattangmat.com/forums/radio-stations-with-radio-t3196.html | C19: =IF(OR(D19="Strengthen", D19="Weaken", D19="Assumption"), "A/S/W Family", (IF(OR(D19="Bold Faced", D19="Describe the argument"), "Structure Family", IF(OR(D19="Conclusion/Inference", D19="If-true others"), "Evidence Family", "Others")))) -> A/S/W Family | D19: Assumption | E19: In-correct | F19: =IF(E19="","",IF(E19="Correct",0,1)) -> 1 | G19: 0.042418981 | H19: =G19-G18 -> 0.0031944444 | I19: =IF(H19="","",I18) -> 0.0013888889 | J19: =IF(I19="","",1-AVERAGE(OFFSET('Daily Data'!$F$2,0,0,COUNTA('Daily Data'!$F$2:$F$997),1))) -> 0.81578947 | K19: Got stuck between two options and chose the wrong option. Assumption Question - Got to know that the premise must be unstated and not a new fact | L19: NI
A20: 19 | B20: http://gmatclub.com/forum/different-levaska-question-102483.html | C20: =IF(OR(D20="Strengthen", D20="Weaken", D20="Assumption"), "A/S/W Family", (IF(OR(D20="Bold Faced", D20="Describe the argument"), "Structure Family", IF(OR(D20="Conclusion/Inference", D20="If-true others"), "Evidence Family", "Others")))) -> A/S/W Family | D20: Assumption | E20: Correct | F20: =IF(E20="","",IF(E20="Correct",0,1)) -> 0 | G20: 0.04462963 | H20: =G20-G19 -> 0.0022106481 | I20: =IF(H20="","",I19) -> 0.0013888889 | J20: =IF(I20="","",1-AVERAGE(OFFSET('Daily Data'!$F$2,0,0,COUNTA('Daily Data'!$F$2:$F$997),1))) -> 0.81578947 | K20: Fast. Elimination, reasoning and quick solve. Easy and good.
A21: 20 | B21: http://www.manhattangmat.com/forums/gmatprep-cr-first-time-computer-buyers-buying-pxc-home-t10545.html | C21: =IF(OR(D21="Strengthen", D21="Weaken", D21="Assumption"), "A/S/W Family", (IF(OR(D21="Bold Faced", D21="Describe the argument"), "Structure Family", IF(OR(D21="Conclusion/Inference", D21="If-true others"), "Evidence Family", "Others")))) -> A/S/W Family | D21: Strengthen | E21: In-correct | F21: =IF(E21="","",IF(E21="Correct",0,1)) -> 1 | G21: 0.047881944 | H21: =G21-G20 -> 0.0032523148 | I21: =IF(H21="","",I20) -> 0.0013888889 | J21: =IF(I21="","",1-AVERAGE(OFFSET('Daily Data'!$F$2,0,0,COUNTA('Daily Data'!$F$2:$F$997),1))) -> 0.81578947 | K21: Used new information which seemed to be right in supporting the question prompt. | L21: NI
A22: 21 | B22: http://gmatclub.com/forum/cr-sulfur-dioxide-emission-18367.html | C22: =IF(OR(D22="Strengthen", D22="Weaken", D22="Assumption"), "A/S/W Family", (IF(OR(D22="Bold Faced", D22="Describe the argument"), "Structure Family", IF(OR(D22="Conclusion/Inference", D22="If-true others"), "Evidence Family", "Others")))) -> Others | D22: Evaluate Argument | E22: Correct | F22: =IF(E22="","",IF(E22="Correct",0,1)) -> 0 | G22: 0.049363426 | H22: =G22-G21 -> 0.0014814815 | I22: =IF(H22="","",I21) -> 0.0013888889 | J22: =IF(I22="","",1-AVERAGE(OFFSET('Daily Data'!$F$2,0,0,COUNTA('Daily Data'!$F$2:$F$997),1))) -> 0.81578947 | K22: Fast. Elimination, reasoning and quick solve. Easy and good.
A23: 22 | B23: http://gmatclub.com/forum/cr-ancient-nubians-44937.html | C23: =IF(OR(D23="Strengthen", D23="Weaken", D23="Assumption"), "A/S/W Family", (IF(OR(D23="Bold Faced", D23="Describe the argument"), "Structure Family", IF(OR(D23="Conclusion/Inference", D23="If-true others"), "Evidence Family", "Others")))) -> A/S/W Family | D23: Assumption | E23: Correct | F23: =IF(E23="","",IF(E23="Correct",0,1)) -> 0 | G23: 0.051203704 | H23: =G23-G22 -> 0.0018402778 | I23: =IF(H23="","",I22) -> 0.0013888889 | J23: =IF(I23="","",1-AVERAGE(OFFSET('Daily Data'!$F$2,0,0,COUNTA('Daily Data'!$F$2:$F$997),1))) -> 0.81578947 | K23: Fast. Elimination, reasoning and quick solve. Easy and good.
A24: 23 | B24: http://gmatclub.com/forum/cr-from-gmatprep-92011.html | C24: =IF(OR(D24="Strengthen", D24="Weaken", D24="Assumption"), "A/S/W Family", (IF(OR(D24="Bold Faced", D24="Describe the argument"), "Structure Family", IF(OR(D24="Conclusion/Inference", D24="If-true others"), "Evidence Family", "Others")))) -> Evidence Family | D24: If-true others | E24: Correct | F24: =IF(E24="","",IF(E24="Correct",0,1)) -> 0 | G24: 0.052418981 | H24: =G24-G23 -> 0.0012152778 | I24: =IF(H24="","",I23) -> 0.0013888889 | J24: =IF(I24="","",1-AVERAGE(OFFSET('Daily Data'!$F$2,0,0,COUNTA('Daily Data'!$F$2:$F$997),1))) -> 0.81578947 | K24: Fast. Elimination, reasoning and quick solve. Easy and good.
A25: 24 | B25: http://www.manhattangmat.com/forums/in-the-united-states-of-the-people-who-moved-t11279.html | C25: =IF(OR(D25="Strengthen", D25="Weaken", D25="Assumption"), "A/S/W Family", (IF(OR(D25="Bold Faced", D25="Describe the argument"), "Structure Family", IF(OR(D25="Conclusion/Inference", D25="If-true others"), "Evidence Family", "Others")))) -> A/S/W Family | D25: Weaken | E25: Correct | F25: =IF(E25="","",IF(E25="Correct",0,1)) -> 0 | G25: 0.054456019 | H25: =G25-G24 -> 0.002037037 | I25: =IF(H25="","",I24) -> 0.0013888889 | J25: =IF(I25="","",1-AVERAGE(OFFSET('Daily Data'!$F$2,0,0,COUNTA('Daily Data'!$F$2:$F$997),1))) -> 0.81578947 | K25: Followed the POE. That took time
A26: 25 | B26: http://gmatclub.com/forum/in-arumville-among-those-young-children-99480.html | C26: =IF(OR(D26="Strengthen", D26="Weaken", D26="Assumption"), "A/S/W Family", (IF(OR(D26="Bold Faced", D26="Describe the argument"), "Structure Family", IF(OR(D26="Conclusion/Inference", D26="If-true others"), "Evidence Family", "Others")))) -> A/S/W Family | D26: Strengthen | E26: Correct | F26: =IF(E26="","",IF(E26="Correct",0,1)) -> 0 | G26: 0.057314815 | H26: =G26-G25 -> 0.0028587963 | I26: =IF(H26="","",I25) -> 0.0013888889 | J26: =IF(I26="","",1-AVERAGE(OFFSET('Daily Data'!$F$2,0,0,COUNTA('Daily Data'!$F$2:$F$997),1))) -> 0.81578947
A27: 26 | B27: http://www.manhattangmat.com/forums/excavations-of-the-roman-city-of-sepphoris-t5897.html | C27: =IF(OR(D27="Strengthen", D27="Weaken", D27="Assumption"), "A/S/W Family", (IF(OR(D27="Bold Faced", D27="Describe the argument"), "Structure Family", IF(OR(D27="Conclusion/Inference", D27="If-true others"), "Evidence Family", "Others")))) -> A/S/W Family | D27: Assumption | E27: In-correct | F27: =IF(E27="","",IF(E27="Correct",0,1)) -> 1 | G27: 0.05931713 | H27: =G27-G26 -> 0.0020023148 | I27: =IF(H27="","",I26) -> 0.0013888889 | J27: =IF(I27="","",1-AVERAGE(OFFSET('Daily Data'!$F$2,0,0,COUNTA('Daily Data'!$F$2:$F$997),1))) -> 0.81578947 | K27: Another assumption question that is wrong. | L27: NI
A28: 27 | B28: http://gmatclub.com/forum/cr-city-s-plan-66120.html | C28: =IF(OR(D28="Strengthen", D28="Weaken", D28="Assumption"), "A/S/W Family", (IF(OR(D28="Bold Faced", D28="Describe the argument"), "Structure Family", IF(OR(D28="Conclusion/Inference", D28="If-true others"), "Evidence Family", "Others")))) -> A/S/W Family | D28: Weaken | E28: Correct | F28: =IF(E28="","",IF(E28="Correct",0,1)) -> 0 | G28: 0.060833333 | H28: =G28-G27 -> 0.0015162037 | I28: =IF(H28="","",I27) -> 0.0013888889 | J28: =IF(I28="","",1-AVERAGE(OFFSET('Daily Data'!$F$2,0,0,COUNTA('Daily Data'!$F$2:$F$997),1))) -> 0.81578947
A29: 28 | B29: http://gmatclub.com/forum/the-cotton-farms-of-country-q-became-so-productive-that-the-86030.html | C29: =IF(OR(D29="Strengthen", D29="Weaken", D29="Assumption"), "A/S/W Family", (IF(OR(D29="Bold Faced", D29="Describe the argument"), "Structure Family", IF(OR(D29="Conclusion/Inference", D29="If-true others"), "Evidence Family", "Others")))) -> Evidence Family | D29: If-true others | E29: Correct | F29: =IF(E29="","",IF(E29="Correct",0,1)) -> 0 | G29: 0.063263889 | H29: =G29-G28 -> 0.0024305556 | I29: =IF(H29="","",I28) -> 0.0013888889 | J29: =IF(I29="","",1-AVERAGE(OFFSET('Daily Data'!$F$2,0,0,COUNTA('Daily Data'!$F$2:$F$997),1))) -> 0.81578947
A30: 29 | B30: http://www.manhattangmat.com/forums/cr-gmat-prep-t5594.html | C30: =IF(OR(D30="Strengthen", D30="Weaken", D30="Assumption"), "A/S/W Family", (IF(OR(D30="Bold Faced", D30="Describe the argument"), "Structure Family", IF(OR(D30="Conclusion/Inference", D30="If-true others"), "Evidence Family", "Others")))) -> Others | D30: Evaluate Argument | E30: In-correct | F30: =IF(E30="","",IF(E30="Correct",0,1)) -> 1 | G30: 0.066435185 | H30: =G30-G29 -> 0.0031712963 | I30: =IF(H30="","",I29) -> 0.0013888889 | J30: =IF(I30="","",1-AVERAGE(OFFSET('Daily Data'!$F$2,0,0,COUNTA('Daily Data'!$F$2:$F$997),1))) -> 0.81578947 | K30: Followed the POE, but even eliminated the correct answer too. | L30: SO
A31: 30 | B31: http://gmatclub.com/forum/smowmobiles-in-milville-92561.html | C31: =IF(OR(D31="Strengthen", D31="Weaken", D31="Assumption"), "A/S/W Family", (IF(OR(D31="Bold Faced", D31="Describe the argument"), "Structure Family", IF(OR(D31="Conclusion/Inference", D31="If-true others"), "Evidence Family", "Others")))) -> A/S/W Family | D31: Weaken | E31: In-correct | F31: =IF(E31="","",IF(E31="Correct",0,1)) -> 1 | G31: 0.069861111 | H31: =G31-G30 -> 0.0034259259 | I31: =IF(H31="","",I30) -> 0.0013888889 | J31: =IF(I31="","",1-AVERAGE(OFFSET('Daily Data'!$F$2,0,0,COUNTA('Daily Data'!$F$2:$F$997),1))) -> 0.81578947 | K31: Incorrect even after spending so much time | L31: SO
A32: 31 | B32: http://gmatclub.com/forum/explanation-needed-93880.html | C32: =IF(OR(D32="Strengthen", D32="Weaken", D32="Assumption", D32="Evaluate Argument", D32="If-true S/W"), "A/S/W Family", (IF(OR(D32="Bold Faced", D32="Describe the argument"), "Structure Family", IF(OR(D32="Conclusion", D32="Inference"), "Conclusion", IF(D32="Explains Discrepancy","Explain","Others"))))) -> Others | D32: If True - Others | E32: Correct | F32: =IF(E32="","",IF(E32="Correct",0,1)) -> 0 | G32: 0.071064815 | H32: =G32-G31 -> 0.0012037037 | I32: =IF(H32="","",I31) -> 0.0013888889 | J32: =IF(I32="","",1-AVERAGE(OFFSET('Daily Data'!$F$2,0,0,COUNTA('Daily Data'!$F$2:$F$997),1))) -> 0.81578947
A33: 32 | B33: http://www.manhattangmat.com/forums/cr-among-people-who-t9782.html | C33: =IF(OR(D33="Strengthen", D33="Weaken", D33="Assumption"), "A/S/W Family", (IF(OR(D33="Bold Faced", D33="Describe the argument"), "Structure Family", IF(OR(D33="Conclusion/Inference", D33="If-true others"), "Evidence Family", "Others")))) -> A/S/W Family | D33: Strengthen | E33: Correct | F33: =IF(E33="","",IF(E33="Correct",0,1)) -> 0 | G33: 0.073506944 | H33: =G33-G32 -> 0.0024421296 | I33: =IF(H33="","",I32) -> 0.0013888889 | J33: =IF(I33="","",1-AVERAGE(OFFSET('Daily Data'!$F$2,0,0,COUNTA('Daily Data'!$F$2:$F$997),1))) -> 0.81578947
A34: 33 | B34: http://gmatclub.com/forum/27-gmatprep-85578.html | C34: =IF(OR(D34="Strengthen", D34="Weaken", D34="Assumption"), "A/S/W Family", (IF(OR(D34="Bold Faced", D34="Describe the argument"), "Structure Family", IF(OR(D34="Conclusion/Inference", D34="If-true others"), "Evidence Family", "Others")))) -> A/S/W Family | D34: Strengthen | E34: In-correct | F34: =IF(E34="","",IF(E34="Correct",0,1)) -> 1 | G34: 0.075416667 | H34: =G34-G33 -> 0.0019097222 | I34: =IF(H34="","",I33) -> 0.0013888889 | J34: =IF(I34="","",1-AVERAGE(OFFSET('Daily Data'!$F$2,0,0,COUNTA('Daily Data'!$F$2:$F$997),1))) -> 0.81578947 | K34: Here none of the options made any sense, so the correct answer to the strengthen this question would have to be the something that even lightly implies the answer. | L34: SO
A35: 34 | B35: http://www.manhattangmat.com/forums/cr-yeasts-capable-of-leavening-bread-t7831.html | C35: =IF(OR(D35="Strengthen", D35="Weaken", D35="Assumption"), "A/S/W Family", (IF(OR(D35="Bold Faced", D35="Describe the argument"), "Structure Family", IF(OR(D35="Conclusion/Inference", D35="If-true others"), "Evidence Family", "Others")))) -> Evidence Family | D35: If-true others | E35: Correct | F35: =IF(E35="","",IF(E35="Correct",0,1)) -> 0 | G35: 0.076886574 | H35: =G35-G34 -> 0.0014699074 | I35: =IF(H35="","",I34) -> 0.0013888889 | J35: =IF(I35="","",1-AVERAGE(OFFSET('Daily Data'!$F$2,0,0,COUNTA('Daily Data'!$F$2:$F$997),1))) -> 0.81578947
A36: 35 | B36: http://gmatclub.com/forum/balzania-83979.html | C36: =IF(OR(D36="Strengthen", D36="Weaken", D36="Assumption", D36="Evaluate Argument", D36="If-true S/W"), "A/S/W Family", (IF(OR(D36="Bold Faced", D36="Describe the argument"), "Structure Family", IF(OR(D36="Conclusion", D36="Inference"), "Conclusion", IF(D36="Explains Discrepancy","Explain","Others"))))) -> Explain | D36: Explains Discrepancy | E36: Correct | F36: =IF(E36="","",IF(E36="Correct",0,1)) -> 0 | G36: 0.0012847222 | H36: =G36 -> 0.0012847222 | I36: =IF(H36="","",I35) -> 0.0013888889 | J36: =IF(I36="","",1-AVERAGE(OFFSET('Daily Data'!$F$2,0,0,COUNTA('Daily Data'!$F$2:$F$997),1))) -> 0.81578947 | K36: Had an idea of the answer but still wanted to check if I can arrive at it.
A37: 36 | B37: http://gmatclub.com/forum/shippers-to-increase-their-use-of-triple-trucks-cr-93355.html | C37: =IF(OR(D37="Strengthen", D37="Weaken", D37="Assumption", D37="Evaluate Argument", D37="If-true S/W"), "A/S/W Family", (IF(OR(D37="Bold Faced", D37="Describe the argument"), "Structure Family", IF(OR(D37="Conclusion", D37="Inference"), "Conclusion", IF(D37="Explains Discrepancy","Explain","Others"))))) -> A/S/W Family | D37: Weaken | E37: In-correct | F37: =IF(E37="","",IF(E37="Correct",0,1)) -> 1 | G37: 0.0036111111 | H37: =G37-G36 -> 0.0023263889 | I37: =IF(H37="","",I36) -> 0.0013888889 | J37: =IF(I37="","",1-AVERAGE(OFFSET('Daily Data'!$F$2,0,0,COUNTA('Daily Data'!$F$2:$F$997),1))) -> 0.81578947 | K37: I was stuck between all the irrelevant option choices and one clear strengthener, the answer choice turned out to be that answer choice. | L37: SO
A38: 37 | B38: http://www.manhattangmat.com/forums/crotons-jays-t7731.html | C38: =IF(OR(D38="Strengthen", D38="Weaken", D38="Assumption", D38="Evaluate Argument", D38="If-true S/W"), "A/S/W Family", (IF(OR(D38="Bold Faced", D38="Describe the argument"), "Structure Family", IF(OR(D38="Conclusion", D38="Inference"), "Conclusion", IF(D38="Explains Discrepancy","Explain","Others"))))) -> A/S/W Family | D38: Strengthen | E38: Correct | F38: =IF(E38="","",IF(E38="Correct",0,1)) -> 0 | G38: 0.0057407407 | H38: =G38-G37 -> 0.0021296296 | I38: =IF(H38="","",I37) -> 0.0013888889 | J38: =IF(I38="","",1-AVERAGE(OFFSET('Daily Data'!$F$2,0,0,COUNTA('Daily Data'!$F$2:$F$997),1))) -> 0.81578947 | K38: Slow, but followed elimination path and option comparison
A39: 38 | B39: http://www.manhattangmat.com/forums/general-availability-of-high-quality-electronic-scanners-t8440.html | C39: =IF(OR(D39="Strengthen", D39="Weaken", D39="Assumption", D39="Evaluate Argument", D39="If-true S/W"), "A/S/W Family", (IF(OR(D39="Bold Faced", D39="Describe the argument"), "Structure Family", IF(OR(D39="Conclusion", D39="Inference"), "Conclusion", IF(D39="Explains Discrepancy","Explain","Others"))))) -> A/S/W Family | D39: Assumption | E39: Correct | F39: =IF(E39="","",IF(E39="Correct",0,1)) -> 0 | G39: 0.0083217593 | H39: =G39-G38 -> 0.0025810185 | I39: =IF(H39="","",I38) -> 0.0013888889 | J39: =IF(I39="","",1-AVERAGE(OFFSET('Daily Data'!$F$2,0,0,COUNTA('Daily Data'!$F$2:$F$997),1))) -> 0.81578947 | K39: My new method of seperating out new information is good and will lead to better results in Assumption questions
A40: 39 | B40: http://gmatclub.com/forum/gmatprep-cr2-52016.html | C40: =IF(OR(D40="Strengthen", D40="Weaken", D40="Assumption", D40="Evaluate Argument", D40="If-true S/W"), "A/S/W Family", (IF(OR(D40="Bold Faced", D40="Describe the argument"), "Structure Family", IF(OR(D40="Conclusion", D40="Inference"), "Conclusion", IF(D40="Explains Discrepancy","Explain","Others"))))) -> A/S/W Family | D40: Evaluate Argument | E40: Correct | F40: =IF(E40="","",IF(E40="Correct",0,1)) -> 0 | G40: 0.0099884259 | H40: =G40-G39 -> 0.0016666667 | I40: =IF(H40="","",I39) -> 0.0013888889 | J40: =IF(I40="","",1-AVERAGE(OFFSET('Daily Data'!$F$2,0,0,COUNTA('Daily Data'!$F$2:$F$997),1))) -> 0.81578947 | K40: Faster method with clear method used to solve this problem
A41: 40 | B41: http://gmatclub.com/forum/conclusion-cr-92009.html | C41: =IF(OR(D41="Strengthen", D41="Weaken", D41="Assumption", D41="Evaluate Argument", D41="If-true S/W"), "A/S/W Family", (IF(OR(D41="Bold Faced", D41="Describe the argument"), "Structure Family", IF(OR(D41="Conclusion", D41="Inference"), "Conclusion", IF(D41="Explains Discrepancy","Explain","Others"))))) -> Conclusion | D41: Conclusion | E41: Correct | F41: =IF(E41="","",IF(E41="Correct",0,1)) -> 0 | G41: 0.011400463 | H41: =G41-G40 -> 0.001412037 | I41: =IF(H41="","",I40) -> 0.0013888889 | J41: =IF(I41="","",1-AVERAGE(OFFSET('Daily Data'!$F$2,0,0,COUNTA('Daily Data'!$F$2:$F$997),1))) -> 0.81578947 | K41: Easy Question
A42: 41 | B42: http://gmatclub.com/forum/gasoline-94609.html | C42: =IF(OR(D42="Strengthen", D42="Weaken", D42="Assumption", D42="Evaluate Argument", D42="If-true S/W"), "A/S/W Family", (IF(OR(D42="Bold Faced", D42="Describe the argument"), "Structure Family", IF(OR(D42="Conclusion", D42="Inference"), "Conclusion", IF(D42="Explains Discrepancy","Explain","Others"))))) -> Explain | D42: Explains Discrepancy | E42: In-correct | F42: =IF(E42="","",IF(E42="Correct",0,1)) -> 1 | G42: 0.014108796 | H42: =G42-G41 -> 0.0027083333 | I42: =IF(H42="","",I41) -> 0.0013888889 | J42: =IF(I42="","",1-AVERAGE(OFFSET('Daily Data'!$F$2,0,0,COUNTA('Daily Data'!$F$2:$F$997),1))) -> 0.81578947 | K42: Took me nearly 4 minutes to figure this question out. Very slow and also option comparison has to involve breaking the options down clearly to understand their impact | L42: SO
A43: 42 | B43: http://www.manhattangmat.com/forums/concerned-about-the-well-being-of-its-eldery-citizens-t8929.html | C43: =IF(OR(D43="Strengthen", D43="Weaken", D43="Assumption", D43="Evaluate Argument", D43="If-true S/W"), "A/S/W Family", (IF(OR(D43="Bold Faced", D43="Describe the argument"), "Structure Family", IF(OR(D43="Conclusion", D43="Inference"), "Conclusion", IF(D43="Explains Discrepancy","Explain","Others"))))) -> Conclusion | D43: Conclusion | E43: Correct | F43: =IF(E43="","",IF(E43="Correct",0,1)) -> 0 | G43: 0.016527778 | H43: =G43-G42 -> 0.0024189815 | I43: =IF(H43="","",I42) -> 0.0013888889 | J43: =IF(I43="","",1-AVERAGE(OFFSET('Daily Data'!$F$2,0,0,COUNTA('Daily Data'!$F$2:$F$997),1))) -> 0.81578947 | K43: Slow but the method was RIGHT. Need to speed up
A44: 43 | B44: http://gmatclub.com/forum/gmat-prep-cr-although-exposure-to-asbestos-94120.html | C44: =IF(OR(D44="Strengthen", D44="Weaken", D44="Assumption", D44="Evaluate Argument", D44="If-true S/W"), "A/S/W Family", (IF(OR(D44="Bold Faced", D44="Describe the argument"), "Structure Family", IF(OR(D44="Conclusion", D44="Inference"), "Conclusion", IF(D44="Explains Discrepancy","Explain","Others"))))) -> A/S/W Family | D44: Strengthen | E44: Correct | F44: =IF(E44="","",IF(E44="Correct",0,1)) -> 0 | G44: 0.018703704 | H44: =G44-G43 -> 0.0021759259 | I44: =IF(H44="","",I43) -> 0.0013888889 | J44: =IF(I44="","",1-AVERAGE(OFFSET('Daily Data'!$F$2,0,0,COUNTA('Daily Data'!$F$2:$F$997),1))) -> 0.81578947 | K44: Could be faster here
A45: 44 | B45: http://gmatclub.com/forum/zinc-lozenges-treatment-for-the-common-cold-93357.html | C45: =IF(OR(D45="Strengthen", D45="Weaken", D45="Assumption", D45="Evaluate Argument", D45="If-true S/W"), "A/S/W Family", (IF(OR(D45="Bold Faced", D45="Describe the argument"), "Structure Family", IF(OR(D45="Conclusion", D45="Inference"), "Conclusion", IF(D45="Explains Discrepancy","Explain","Others"))))) -> A/S/W Family | D45: Weaken | E45: Correct | F45: =IF(E45="","",IF(E45="Correct",0,1)) -> 0 | G45: 0.020243056 | H45: =G45-G44 -> 0.0015393519 | I45: =IF(H45="","",I44) -> 0.0013888889 | J45: =IF(I45="","",1-AVERAGE(OFFSET('Daily Data'!$F$2,0,0,COUNTA('Daily Data'!$F$2:$F$997),1))) -> 0.81578947 | K45: Great method application and speed
A46: 45 | B46: http://gmatclub.com/forum/price-of-cotton-clothing-at-retail-cloting-stores-cr-93250.html | C46: =IF(OR(D46="Strengthen", D46="Weaken", D46="Assumption", D46="Evaluate Argument", D46="If-true S/W"), "A/S/W Family", (IF(OR(D46="Bold Faced", D46="Describe the argument"), "Structure Family", IF(OR(D46="Conclusion", D46="Inference"), "Conclusion", IF(D46="Explains Discrepancy","Explain","Others"))))) -> A/S/W Family | D46: Weaken | E46: Correct | F46: =IF(E46="","",IF(E46="Correct",0,1)) -> 0 | G46: 0.02212963 | H46: =G46-G45 -> 0.0018865741 | I46: =IF(H46="","",I45) -> 0.0013888889 | J46: =IF(I46="","",1-AVERAGE(OFFSET('Daily Data'!$F$2,0,0,COUNTA('Daily Data'!$F$2:$F$997),1))) -> 0.81578947 | K46: Time spent in the option comparison, I have to be more specific about what is in SCOPE and what is out of scope.
A47: 46 | B47: http://gmatclub.com/forum/cr-crime-rate-76503.html | C47: =IF(OR(D47="Strengthen", D47="Weaken", D47="Assumption", D47="Evaluate Argument", D47="If-true S/W"), "A/S/W Family", (IF(OR(D47="Bold Faced", D47="Describe the argument"), "Structure Family", IF(OR(D47="Conclusion", D47="Inference"), "Conclusion", IF(D47="Explains Discrepancy","Explain","Others"))))) -> A/S/W Family | D47: Weaken | E47: Correct | F47: =IF(E47="","",IF(E47="Correct",0,1)) -> 0 | G47: 0.023460648 | H47: =G47-G46 -> 0.0013310185 | I47: =IF(H47="","",I46) -> 0.0013888889 | J47: =IF(I47="","",1-AVERAGE(OFFSET('Daily Data'!$F$2,0,0,COUNTA('Daily Data'!$F$2:$F$997),1))) -> 0.81578947 | K47: HAD SOME IDEA OF THE ANSWER
A48: 47 | B48: http://www.manhattangmat.com/forums/viewtopic.php?f=2&t=691&view=next | C48: =IF(OR(D48="Strengthen", D48="Weaken", D48="Assumption", D48="Evaluate Argument", D48="If-true S/W"), "A/S/W Family", (IF(OR(D48="Bold Faced", D48="Describe the argument"), "Structure Family", IF(OR(D48="Conclusion", D48="Inference"), "Conclusion", IF(D48="Explains Discrepancy","Explain","Others"))))) -> A/S/W Family | D48: Assumption | E48: Correct | F48: =IF(E48="","",IF(E48="Correct",0,1)) -> 0 | G48: 0.025023148 | H48: =G48-G47 -> 0.0015625 | I48: =IF(H48="","",I47) -> 0.0013888889 | J48: =IF(I48="","",1-AVERAGE(OFFSET('Daily Data'!$F$2,0,0,COUNTA('Daily Data'!$F$2:$F$997),1))) -> 0.81578947 | K48: HAD SOME IDEA OF THE ANSWER
A49: 48 | B49: http://www.manhattangmat.com/forums/cr-because-postage-rates-are-rising-home-decorator-t8495.html | C49: =IF(OR(D49="Strengthen", D49="Weaken", D49="Assumption", D49="Evaluate Argument", D49="If-true S/W"), "A/S/W Family", (IF(OR(D49="Bold Faced", D49="Describe the argument"), "Structure Family", IF(OR(D49="Conclusion", D49="Inference"), "Conclusion", IF(D49="Explains Discrepancy","Explain","Others"))))) -> A/S/W Family | D49: Strengthen | E49: Correct | F49: =IF(E49="","",IF(E49="Correct",0,1)) -> 0 | G49: 0.026782407 | H49: =G49-G48 -> 0.0017592593 | I49: =IF(H49="","",I48) -> 0.0013888889 | J49: =IF(I49="","",1-AVERAGE(OFFSET('Daily Data'!$F$2,0,0,COUNTA('Daily Data'!$F$2:$F$997),1))) -> 0.81578947 | K49: HAD SOME IDEA OF THE ANSWER
A50: 49 | B50: http://www.manhattangmat.com/forums/garnet-renco-cr-t8112.html | C50: =IF(OR(D50="Strengthen", D50="Weaken", D50="Assumption", D50="Evaluate Argument", D50="If-true S/W"), "A/S/W Family", (IF(OR(D50="Bold Faced", D50="Describe the argument"), "Structure Family", IF(OR(D50="Conclusion", D50="Inference"), "Conclusion", IF(D50="Explains Discrepancy","Explain","Others"))))) -> A/S/W Family | D50: Weaken | E50: Correct | F50: =IF(E50="","",IF(E50="Correct",0,1)) -> 0 | G50: 0.028402778 | H50: =G50-G49 -> 0.0016203704 | I50: =IF(H50="","",I49) -> 0.0013888889 | J50: =IF(I50="","",1-AVERAGE(OFFSET('Daily Data'!$F$2,0,0,COUNTA('Daily Data'!$F$2:$F$997),1))) -> 0.81578947 | K50: Great method application and speed
A51: 50 | B51: http://gmatclub.com/forum/boldface-cr-87552.html | C51: =IF(OR(D51="Strengthen", D51="Weaken", D51="Assumption", D51="Evaluate Argument", D51="If-true S/W"), "A/S/W Family", (IF(OR(D51="Bold Faced", D51="Describe the argument"), "Structure Family", IF(OR(D51="Conclusion", D51="Inference"), "Conclusion", IF(D51="Explains Discrepancy","Explain","Others"))))) -> Structure Family | D51: Bold Faced | E51: Correct | F51: =IF(E51="","",IF(E51="Correct",0,1)) -> 0 | G51: 0.030856481 | H51: =G51-G50 -> 0.0024537037 | I51: =IF(H51="","",I50) -> 0.0013888889 | J51: =IF(I51="","",1-AVERAGE(OFFSET('Daily Data'!$F$2,0,0,COUNTA('Daily Data'!$F$2:$F$997),1))) -> 0.81578947 | K51: Slow to apply. Could be better
A52: 51 | B52: http://gmatclub.com/forum/corporate-officer-82925.html | C52: =IF(OR(D52="Strengthen", D52="Weaken", D52="Assumption", D52="Evaluate Argument", D52="If-true S/W"), "A/S/W Family", (IF(OR(D52="Bold Faced", D52="Describe the argument"), "Structure Family", IF(OR(D52="Conclusion", D52="Inference"), "Conclusion", IF(D52="Explains Discrepancy","Explain","Others"))))) -> A/S/W Family | D52: Weaken | E52: In-correct | F52: =IF(E52="","",IF(E52="Correct",0,1)) -> 1 | G52: 0.032962963 | H52: =G52-G51 -> 0.0021064815 | I52: =IF(H52="","",I51) -> 0.0013888889 | J52: =IF(I52="","",1-AVERAGE(OFFSET('Daily Data'!$F$2,0,0,COUNTA('Daily Data'!$F$2:$F$997),1))) -> 0.81578947 | K52: Need to pay a closer attention to the option choices as to their effect on the conclusion | L52: SO
A53: 52 | B53: http://gmatclub.com/forum/new-detection-techniques-86919.html | C53: =IF(OR(D53="Strengthen", D53="Weaken", D53="Assumption", D53="Evaluate Argument", D53="If-true S/W"), "A/S/W Family", (IF(OR(D53="Bold Faced", D53="Describe the argument"), "Structure Family", IF(OR(D53="Conclusion", D53="Inference"), "Conclusion", IF(D53="Explains Discrepancy","Explain","Others"))))) -> Conclusion | D53: Conclusion | E53: Correct | F53: =IF(E53="","",IF(E53="Correct",0,1)) -> 0 | G53: 0.034305556 | H53: =G53-G52 -> 0.0013425926 | I53: =IF(H53="","",I52) -> 0.0013888889 | J53: =IF(I53="","",1-AVERAGE(OFFSET('Daily Data'!$F$2,0,0,COUNTA('Daily Data'!$F$2:$F$997),1))) -> 0.81578947 | K53: Great method application and speed
A54: 53 | B54: http://gmatclub.com/forum/cr-automated-equipments-85996.html | C54: =IF(OR(D54="Strengthen", D54="Weaken", D54="Assumption", D54="Evaluate Argument", D54="If-true S/W"), "A/S/W Family", (IF(OR(D54="Bold Faced", D54="Describe the argument"), "Structure Family", IF(OR(D54="Conclusion", D54="Inference"), "Conclusion", IF(D54="Explains Discrepancy","Explain","Others"))))) -> A/S/W Family | D54: Strengthen | E54: Correct | F54: =IF(E54="","",IF(E54="Correct",0,1)) -> 0 | G54: 0.036215278 | H54: =G54-G53 -> 0.0019097222 | I54: =IF(H54="","",I53) -> 0.0013888889 | J54: =IF(I54="","",1-AVERAGE(OFFSET('Daily Data'!$F$2,0,0,COUNTA('Daily Data'!$F$2:$F$997),1))) -> 0.81578947 | K54: A bit slow so speed needs to go up
A55: 54 | B55: http://www.manhattangmat.com/forums/cr-gmat-paper-based-q-t663.html | C55: =IF(OR(D55="Strengthen", D55="Weaken", D55="Assumption", D55="Evaluate Argument", D55="If-true S/W"), "A/S/W Family", (IF(OR(D55="Bold Faced", D55="Describe the argument"), "Structure Family", IF(OR(D55="Conclusion", D55="Inference"), "Conclusion", IF(D55="Explains Discrepancy","Explain","Others"))))) -> A/S/W Family | D55: Strengthen | E55: Correct | F55: =IF(E55="","",IF(E55="Correct",0,1)) -> 0 | G55: 0.038773148 | H55: =G55-G54 -> 0.0025578704 | I55: =IF(H55="","",I54) -> 0.0013888889 | J55: =IF(I55="","",1-AVERAGE(OFFSET('Daily Data'!$F$2,0,0,COUNTA('Daily Data'!$F$2:$F$997),1))) -> 0.81578947 | K55: Very slow. Option Comparison took time
A56: 55 | B56: http://www.manhattangmat.com/forums/critical-reasoning-question-t2279.html | C56: =IF(OR(D56="Strengthen", D56="Weaken", D56="Assumption", D56="Evaluate Argument", D56="If-true S/W"), "A/S/W Family", (IF(OR(D56="Bold Faced", D56="Describe the argument"), "Structure Family", IF(OR(D56="Conclusion", D56="Inference"), "Conclusion", IF(D56="Explains Discrepancy","Explain","Others"))))) -> A/S/W Family | D56: Assumption | E56: Correct | F56: =IF(E56="","",IF(E56="Correct",0,1)) -> 0 | G56: 0.04125 | H56: =G56-G55 -> 0.0024768519 | I56: =IF(H56="","",I55) -> 0.0013888889 | J56: =IF(I56="","",1-AVERAGE(OFFSET('Daily Data'!$F$2,0,0,COUNTA('Daily Data'!$F$2:$F$997),1))) -> 0.81578947 | K56: Very slow. Option comparison took time
A57: 56 | B57: http://www.manhattangmat.com/forums/researchers-recently-asked-dozens-of-shoppers-t10758.html | C57: =IF(OR(D57="Strengthen", D57="Weaken", D57="Assumption", D57="Evaluate Argument", D57="If-true S/W"), "A/S/W Family", (IF(OR(D57="Bold Faced", D57="Describe the argument"), "Structure Family", IF(OR(D57="Conclusion", D57="Inference"), "Conclusion", IF(D57="Explains Discrepancy","Explain","Others"))))) -> Conclusion | D57: Conclusion | E57: In-correct | F57: =IF(E57="","",IF(E57="Correct",0,1)) -> 1 | G57: 0.0029398148 | H57: =G57 -> 0.0029398148 | I57: =IF(H57="","",I56) -> 0.0013888889 | J57: =IF(I57="","",1-AVERAGE(OFFSET('Daily Data'!$F$2,0,0,COUNTA('Daily Data'!$F$2:$F$997),1))) -> 0.81578947 | K57: Completely ignored one of the option in the second reading of the question as something irrelevant. So I have not come of the habbit of really reading every option | L57: R
A58: 57 | B58: http://gmatclub.com/forum/19-gmatprep-85577.html | C58: =IF(OR(D58="Strengthen", D58="Weaken", D58="Assumption", D58="Evaluate Argument", D58="If-true S/W", D58="Xsupport",D58="XWeaken", ), "A/S/W Family", (IF(OR(D58="Bold Faced", D58="Describe the argument"), "Structure Family", IF(OR(D58="Conclusion", D58="Inference"), "Conclusion", IF(D58="Explains Discrepancy","Explain","Others"))))) -> A/S/W Family | D58: Xsupport | E58: Correct | F58: =IF(E58="","",IF(E58="Correct",0,1)) -> 0 | G58: 0.0041782407 | H58: =G58-G57 -> 0.0012384259 | I58: =IF(H58="","",I57) -> 0.0013888889 | J58: =IF(I58="","",1-AVERAGE(OFFSET('Daily Data'!$F$2,0,0,COUNTA('Daily Data'!$F$2:$F$997),1))) -> 0.81578947 | K58: Easy Question
A59: 58 | B59: http://gmatclub.com/forum/gmatprep-cr-86807.html | C59: =IF(OR(D59="Strengthen", D59="Weaken", D59="Assumption", D59="Evaluate Argument", D59="If-true S/W"), "A/S/W Family", (IF(OR(D59="Bold Faced", D59="Describe the argument"), "Structure Family", IF(OR(D59="Conclusion", D59="Inference"), "Conclusion", IF(D59="Explains Discrepancy","Explain","Others"))))) -> A/S/W Family | D59: Weaken | E59: Correct | F59: =IF(E59="","",IF(E59="Correct",0,1)) -> 0 | G59: 0.0054398148 | H59: =G59-G58 -> 0.0012615741 | I59: =IF(H59="","",I58) -> 0.0013888889 | J59: =IF(I59="","",1-AVERAGE(OFFSET('Daily Data'!$F$2,0,0,COUNTA('Daily Data'!$F$2:$F$997),1))) -> 0.81578947
A60: 59 | B60: http://gmatclub.com/forum/gmatprep2-teenagers-and-smoking-83501.html | C60: =IF(OR(D60="Strengthen", D60="Weaken", D60="Assumption", D60="Evaluate Argument", D60="If-true S/W"), "A/S/W Family", (IF(OR(D60="Bold Faced", D60="Describe the argument"), "Structure Family", IF(OR(D60="Conclusion", D60="Inference"), "Conclusion", IF(D60="Explains Discrepancy","Explain","Others"))))) -> A/S/W Family | D60: Strengthen | E60: Correct | F60: =IF(E60="","",IF(E60="Correct",0,1)) -> 0 | G60: 0.0068287037 | H60: =G60-G59 -> 0.0013888889 | I60: =IF(H60="","",I59) -> 0.0013888889 | J60: =IF(I60="","",1-AVERAGE(OFFSET('Daily Data'!$F$2,0,0,COUNTA('Daily Data'!$F$2:$F$997),1))) -> 0.81578947
A61: 60 | B61: http://gmatclub.com/forum/computer-based-activities-80846.html | C61: =IF(OR(D61="Strengthen", D61="Weaken", D61="Assumption", D61="Evaluate Argument", D61="If-true S/W"), "A/S/W Family", (IF(OR(D61="Bold Faced", D61="Describe the argument"), "Structure Family", IF(OR(D61="Conclusion", D61="Inference"), "Conclusion", IF(D61="Explains Discrepancy","Explain","Others"))))) -> Conclusion | D61: Conclusion | E61: Correct | F61: =IF(E61="","",IF(E61="Correct",0,1)) -> 0 | G61: 0.0097916667 | H61: =G61-G60 -> 0.002962963 | I61: =IF(H61="","",I60) -> 0.0013888889 | J61: =IF(I61="","",1-AVERAGE(OFFSET('Daily Data'!$F$2,0,0,COUNTA('Daily Data'!$F$2:$F$997),1))) -> 0.81578947 | K61: SLOW
A62: 61 | B62: http://gmatclub.com/forum/offshore-oil-drilling-cr-65550.html | C62: =IF(OR(D62="Strengthen", D62="Weaken", D62="Assumption", D62="Evaluate Argument", D62="If-true S/W"), "A/S/W Family", (IF(OR(D62="Bold Faced", D62="Describe the argument"), "Structure Family", IF(OR(D62="Conclusion", D62="Inference"), "Conclusion", IF(D62="Explains Discrepancy","Explain","Others"))))) -> A/S/W Family | D62: Weaken | E62: Correct | F62: =IF(E62="","",IF(E62="Correct",0,1)) -> 0 | G62: 0.011122685 | H62: =G62-G61 -> 0.0013310185 | I62: =IF(H62="","",I61) -> 0.0013888889 | J62: =IF(I62="","",1-AVERAGE(OFFSET('Daily Data'!$F$2,0,0,COUNTA('Daily Data'!$F$2:$F$997),1))) -> 0.81578947
A63: 62 | B63: http://gmatclub.com/forum/cr-patented-drugs-43446.html | C63: =IF(OR(D63="Strengthen", D63="Weaken", D63="Assumption", D63="Evaluate Argument", D63="If-true S/W"), "A/S/W Family", (IF(OR(D63="Bold Faced", D63="Describe the argument"), "Structure Family", IF(OR(D63="Conclusion", D63="Inference"), "Conclusion", IF(D63="Explains Discrepancy","Explain","Others"))))) -> A/S/W Family | D63: Weaken | E63: Correct | F63: =IF(E63="","",IF(E63="Correct",0,1)) -> 0 | G63: 0.012592593 | H63: =G63-G62 -> 0.0014699074 | I63: =IF(H63="","",I62) -> 0.0013888889 | J63: =IF(I63="","",1-AVERAGE(OFFSET('Daily Data'!$F$2,0,0,COUNTA('Daily Data'!$F$2:$F$997),1))) -> 0.81578947
A64: 63 | B64: http://gmatclub.com/forum/cr-smokey-one-39187.html | C64: =IF(OR(D64="Strengthen", D64="Weaken", D64="Assumption", D64="Evaluate Argument", D64="If-true S/W"), "A/S/W Family", (IF(OR(D64="Bold Faced", D64="Describe the argument"), "Structure Family", IF(OR(D64="Conclusion", D64="Inference"), "Conclusion", IF(D64="Explains Discrepancy","Explain","Others"))))) -> A/S/W Family | D64: Assumption | E64: Correct | F64: =IF(E64="","",IF(E64="Correct",0,1)) -> 0 | G64: 0.015231481 | H64: =G64-G63 -> 0.0026388889 | I64: =IF(H64="","",I63) -> 0.0013888889 | J64: =IF(I64="","",1-AVERAGE(OFFSET('Daily Data'!$F$2,0,0,COUNTA('Daily Data'!$F$2:$F$997),1))) -> 0.81578947
A65: 65 | B65: http://www.manhattangmat.com/forums/in-kravonia-the-average-salary-for-jobs-requiring-a-college-t10813.html | C65: =IF(OR(D65="Strengthen", D65="Weaken", D65="Assumption", D65="Evaluate Argument", D65="If-true S/W"), "A/S/W Family", (IF(OR(D65="Bold Faced", D65="Describe the argument"), "Structure Family", IF(OR(D65="Conclusion", D65="Inference"), "Conclusion", IF(D65="Explains Discrepancy","Explain","Others"))))) -> A/S/W Family | D65: Weaken | E65: Correct | F65: =IF(E65="","",IF(E65="Correct",0,1)) -> 0 | G65: 0.017314815 | H65: =G65-G64 -> 0.0020833333 | I65: =IF(H65="","",I64) -> 0.0013888889 | J65: =IF(I65="","",1-AVERAGE(OFFSET('Daily Data'!$F$2,0,0,COUNTA('Daily Data'!$F$2:$F$997),1))) -> 0.81578947 | K65: On a second reading got the question wrong because of reading bias
A66: 66 | B66: http://www.manhattangmat.com/forums/cr-the-pharmaceutical-industry-argues-t6888.html | C66: =IF(OR(D66="Strengthen", D66="Weaken", D66="Assumption", D66="Evaluate Argument", D66="If-true S/W"), "A/S/W Family", (IF(OR(D66="Bold Faced", D66="Describe the argument"), "Structure Family", IF(OR(D66="Conclusion", D66="Inference"), "Conclusion", IF(D66="Explains Discrepancy","Explain","Others"))))) -> A/S/W Family | D66: Strengthen | E66: In-correct | F66: =IF(E66="","",IF(E66="Correct",0,1)) -> 1 | G66: 0.019097222 | H66: =G66-G65 -> 0.0017824074 | I66: =IF(H66="","",I65) -> 0.0013888889 | J66: =IF(I66="","",1-AVERAGE(OFFSET('Daily Data'!$F$2,0,0,COUNTA('Daily Data'!$F$2:$F$997),1))) -> 0.81578947 | K66: Reading ERRoR, missed STRENGTHEN FOR WEAKEN | L66: R
A67: 67 | B67: http://www.manhattangmat.com/forums/cr-of-patients-over-65-years-old-who-survived-coronary-bypa-t7975.html | C67: =IF(OR(D67="Strengthen", D67="Weaken", D67="Assumption", D67="Evaluate Argument", D67="If-true S/W"), "A/S/W Family", (IF(OR(D67="Bold Faced", D67="Describe the argument"), "Structure Family", IF(OR(D67="Conclusion", D67="Inference"), "Conclusion", IF(D67="Explains Discrepancy","Explain","Others"))))) -> A/S/W Family | D67: Weaken | E67: Correct | F67: =IF(E67="","",IF(E67="Correct",0,1)) -> 0 | G67: 0.020833333 | H67: =G67-G66 -> 0.0017361111 | I67: =IF(H67="","",I66) -> 0.0013888889 | J67: =IF(I67="","",1-AVERAGE(OFFSET('Daily Data'!$F$2,0,0,COUNTA('Daily Data'!$F$2:$F$997),1))) -> 0.81578947
A68: 68 | B68: http://www.manhattangmat.com/forums/cr-television-penetration-t10306.html | C68: =IF(OR(D68="Strengthen", D68="Weaken", D68="Assumption", D68="Evaluate Argument", D68="If-true S/W"), "A/S/W Family", (IF(OR(D68="Bold Faced", D68="Describe the argument"), "Structure Family", IF(OR(D68="Conclusion", D68="Inference"), "Conclusion", IF(D68="Explains Discrepancy","Explain","Others"))))) -> A/S/W Family | D68: Strengthen | E68: Correct | F68: =IF(E68="","",IF(E68="Correct",0,1)) -> 0 | G68: 0.022418981 | H68: =G68-G67 -> 0.0015856481 | I68: =IF(H68="","",I67) -> 0.0013888889 | J68: =IF(I68="","",1-AVERAGE(OFFSET('Daily Data'!$F$2,0,0,COUNTA('Daily Data'!$F$2:$F$997),1))) -> 0.81578947
A69: 69 | B69: http://www.manhattangmat.com/forums/gmatprep-cr-t11333.html | C69: =IF(OR(D69="Strengthen", D69="Weaken", D69="Assumption", D69="Evaluate Argument", D69="If-true S/W"), "A/S/W Family", (IF(OR(D69="Bold Faced", D69="Describe the argument"), "Structure Family", IF(OR(D69="Conclusion", D69="Inference"), "Conclusion", IF(D69="Explains Discrepancy","Explain","Others"))))) -> Explain | D69: Explains Discrepancy | E69: Correct | F69: =IF(E69="","",IF(E69="Correct",0,1)) -> 0 | G69: 0.025092593 | H69: =G69-G68 -> 0.0026736111 | I69: =IF(H69="","",I68) -> 0.0013888889 | J69: =IF(I69="","",1-AVERAGE(OFFSET('Daily Data'!$F$2,0,0,COUNTA('Daily Data'!$F$2:$F$997),1))) -> 0.81578947
A70: 70 | B70: http://www.manhattangmat.com/forums/excavation-of-the-ancient-city-in-kourion-cr-t9675.html | C70: =IF(OR(D70="Strengthen", D70="Weaken", D70="Assumption", D70="Evaluate Argument", D70="If-true S/W"), "A/S/W Family", (IF(OR(D70="Bold Faced", D70="Describe the argument"), "Structure Family", IF(OR(D70="Conclusion", D70="Inference"), "Conclusion", IF(D70="Explains Discrepancy","Explain","Others"))))) -> A/S/W Family | D70: Strengthen | E70: Correct | F70: =IF(E70="","",IF(E70="Correct",0,1)) -> 0 | G70: 0.027430556 | H70: =G70-G69 -> 0.002337963 | I70: =IF(H70="","",I69) -> 0.0013888889 | J70: =IF(I70="","",1-AVERAGE(OFFSET('Daily Data'!$F$2,0,0,COUNTA('Daily Data'!$F$2:$F$997),1))) -> 0.81578947
A71: 71 | B71: http://www.manhattangmat.com/forums/cr-early-in-the-twentieth-century-lake-konfa-became-very-t10509.html | C71: =IF(OR(D71="Strengthen", D71="Weaken", D71="Assumption", D71="Evaluate Argument", D71="If-true S/W"), "A/S/W Family", (IF(OR(D71="Bold Faced", D71="Describe the argument"), "Structure Family", IF(OR(D71="Conclusion", D71="Inference"), "Conclusion", IF(D71="Explains Discrepancy","Explain","Others"))))) -> A/S/W Family | D71: Assumption | E71: Correct | F71: =IF(E71="","",IF(E71="Correct",0,1)) -> 0 | G71: 0.029097222 | H71: =G71-G70 -> 0.0016666667 | I71: =IF(H71="","",I70) -> 0.0013888889 | J71: =IF(I71="","",1-AVERAGE(OFFSET('Daily Data'!$F$2,0,0,COUNTA('Daily Data'!$F$2:$F$997),1))) -> 0.81578947
A72: 72 | B72: http://www.manhattangmat.com/forums/gmatprep-cr-question-t9180.html | C72: =IF(OR(D72="Strengthen", D72="Weaken", D72="Assumption", D72="Evaluate Argument", D72="If-true S/W"), "A/S/W Family", (IF(OR(D72="Bold Faced", D72="Describe the argument"), "Structure Family", IF(OR(D72="Conclusion", D72="Inference"), "Conclusion", IF(D72="Explains Discrepancy","Explain","Others"))))) -> Explain | D72: Explains Discrepancy | E72: Correct | F72: =IF(E72="","",IF(E72="Correct",0,1)) -> 0 | G72: 0.03087963 | H72: =G72-G71 -> 0.0017824074 | I72: =IF(H72="","",I71) -> 0.0013888889 | J72: =IF(I72="","",1-AVERAGE(OFFSET('Daily Data'!$F$2,0,0,COUNTA('Daily Data'!$F$2:$F$997),1))) -> 0.81578947
A73: 73 | B73: http://www.manhattangmat.com/forums/cr-comcorp-shipping-clerk-last-week-no-shipments-of-build-t7989.html | C73: =IF(OR(D73="Strengthen", D73="Weaken", D73="Assumption", D73="Evaluate Argument", D73="If-true S/W"), "A/S/W Family", (IF(OR(D73="Bold Faced", D73="Describe the argument"), "Structure Family", IF(OR(D73="Conclusion", D73="Inference"), "Conclusion", IF(D73="Explains Discrepancy","Explain","Others"))))) -> A/S/W Family | D73: If-true S/W | E73: In-correct | F73: =IF(E73="","",IF(E73="Correct",0,1)) -> 1 | G73: 0.033356481 | H73: =G73-G72 -> 0.0024768519 | I73: =IF(H73="","",I72) -> 0.0013888889 | J73: =IF(I73="","",1-AVERAGE(OFFSET('Daily Data'!$F$2,0,0,COUNTA('Daily Data'!$F$2:$F$997),1))) -> 0.81578947 | K73: Logical Error | L73: LE
A74: 74 | B74: http://www.manhattangmat.com/forums/explain-the-apparently-surprising-result-gprep1-t6676.html | C74: =IF(OR(D74="Strengthen", D74="Weaken", D74="Assumption", D74="Evaluate Argument", D74="If-true S/W"), "A/S/W Family", (IF(OR(D74="Bold Faced", D74="Describe the argument"), "Structure Family", IF(OR(D74="Conclusion", D74="Inference"), "Conclusion", IF(D74="Explains Discrepancy","Explain","Others"))))) -> Explain | D74: Explains Discrepancy | E74: Correct | F74: =IF(E74="","",IF(E74="Correct",0,1)) -> 0 | G74: 0.034409722 | H74: =G74-G73 -> 0.0010532407 | I74: =IF(H74="","",I73) -> 0.0013888889 | J74: =IF(I74="","",1-AVERAGE(OFFSET('Daily Data'!$F$2,0,0,COUNTA('Daily Data'!$F$2:$F$997),1))) -> 0.81578947
A75: 75 | B75: http://www.manhattangmat.com/forums/journalist-every-election-year-at-this-time-the-state-t10937.html | C75: =IF(OR(D75="Strengthen", D75="Weaken", D75="Assumption", D75="Evaluate Argument", D75="If-true S/W"), "A/S/W Family", (IF(OR(D75="Bold Faced", D75="Describe the argument"), "Structure Family", IF(OR(D75="Conclusion", D75="Inference"), "Conclusion", IF(D75="Explains Discrepancy","Explain","Others"))))) -> Structure Family | D75: Bold Faced | E75: Correct | F75: =IF(E75="","",IF(E75="Correct",0,1)) -> 0 | G75: 0.036064815 | H75: =G75-G74 -> 0.0016550926 | I75: =IF(H75="","",I74) -> 0.0013888889 | J75: =IF(I75="","",1-AVERAGE(OFFSET('Daily Data'!$F$2,0,0,COUNTA('Daily Data'!$F$2:$F$997),1))) -> 0.81578947
A76: 76 | B76: http://www.manhattangmat.com/forums/urban-air-contains-more-sulfur-dioxide-than-does-rural-air-t973.html | C76: =IF(OR(D76="Strengthen", D76="Weaken", D76="Assumption", D76="Evaluate Argument", D76="If-true S/W"), "A/S/W Family", (IF(OR(D76="Bold Faced", D76="Describe the argument"), "Structure Family", IF(OR(D76="Conclusion", D76="Inference"), "Conclusion", IF(D76="Explains Discrepancy","Explain","Others"))))) -> A/S/W Family | D76: Evaluate Argument | E76: Correct | F76: =IF(E76="","",IF(E76="Correct",0,1)) -> 0 | G76: 0.037789352 | H76: =G76-G75 -> 0.001724537 | I76: =IF(H76="","",I75) -> 0.0013888889 | J76: =IF(I76="","",1-AVERAGE(OFFSET('Daily Data'!$F$2,0,0,COUNTA('Daily Data'!$F$2:$F$997),1))) -> 0.81578947
A77: 77 | B77: http://www.manhattangmat.com/forums/gmat-prep-cr-unsure-abt-one-answer-choice-t10534.html | C77: =IF(OR(D77="Strengthen", D77="Weaken", D77="Assumption", D77="Evaluate Argument", D77="If-true S/W"), "A/S/W Family", (IF(OR(D77="Bold Faced", D77="Describe the argument"), "Structure Family", IF(OR(D77="Conclusion", D77="Inference"), "Conclusion", IF(D77="Explains Discrepancy","Explain","Others"))))) -> A/S/W Family | D77: Weaken | E77: Correct | F77: =IF(E77="","",IF(E77="Correct",0,1)) -> 0 | G77: 0.038842593 | H77: =G77-G76 -> 0.0010532407 | I77: =IF(H77="","",I76) -> 0.0013888889 | J77: =IF(I77="","",1-AVERAGE(OFFSET('Daily Data'!$F$2,0,0,COUNTA('Daily Data'!$F$2:$F$997),1))) -> 0.81578947
A78: 78 | C78: =IF(OR(D78="Strengthen", D78="Weaken", D78="Assumption", D78="Evaluate Argument", D78="If-true S/W"), "A/S/W Family", (IF(OR(D78="Bold Faced", D78="Describe the argument"), "Structure Family", IF(OR(D78="Conclusion", D78="Inference"), "Conclusion", IF(D78="Explains Discrepancy","Explain","Others"))))) -> A/S/W Family | D78: Assumption | E78: Correct | F78: =IF(E78="","",IF(E78="Correct",0,1)) -> 0 | H78: 0.0024421296 | I78: =IF(H78="","",I77) -> 0.0013888889 | J78: =IF(I78="","",1-AVERAGE(OFFSET('Daily Data'!$F$2,0,0,COUNTA('Daily Data'!$F$2:$F$997),1))) -> 0.81578947
A79: 79 | B79: Handwriting analysis—also known as graphology | C79: =IF(OR(D79="Strengthen", D79="Weaken", D79="Assumption", D79="Evaluate Argument", D79="If-true S/W"), "A/S/W Family", (IF(OR(D79="Bold Faced", D79="Describe the argument"), "Structure Family", IF(OR(D79="Conclusion", D79="Inference"), "Conclusion", IF(D79="Explains Discrepancy","Explain","Others"))))) -> A/S/W Family | D79: Assumption | E79: Correct | F79: =IF(E79="","",IF(E79="Correct",0,1)) -> 0 | H79: 0.0011921296 | I79: =IF(H79="","",I78) -> 0.0013888889 | J79: =IF(I79="","",1-AVERAGE(OFFSET('Daily Data'!$F$2,0,0,COUNTA('Daily Data'!$F$2:$F$997),1))) -> 0.81578947
A80: 80 | B80: Ttherefore, a grizzly bear is in fact about as dangerous | C80: =IF(OR(D80="Strengthen", D80="Weaken", D80="Assumption", D80="Evaluate Argument", D80="If-true S/W"), "A/S/W Family", (IF(OR(D80="Bold Faced", D80="Describe the argument"), "Structure Family", IF(OR(D80="Conclusion", D80="Inference"), "Conclusion", IF(D80="Explains Discrepancy","Explain","Others"))))) -> A/S/W Family | D80: Assumption | E80: Correct | F80: =IF(E80="","",IF(E80="Correct",0,1)) -> 0 | H80: 0.0011921296 | I80: =IF(H80="","",I79) -> 0.0013888889 | J80: =IF(I80="","",1-AVERAGE(OFFSET('Daily Data'!$F$2,0,0,COUNTA('Daily Data'!$F$2:$F$997),1))) -> 0.81578947
A81: 81 | B81: Some people say that the scarcity of food | C81: =IF(OR(D81="Strengthen", D81="Weaken", D81="Assumption", D81="Evaluate Argument", D81="If-true S/W"), "A/S/W Family", (IF(OR(D81="Bold Faced", D81="Describe the argument"), "Structure Family", IF(OR(D81="Conclusion", D81="Inference"), "Conclusion", IF(D81="Explains Discrepancy","Explain","Others"))))) -> A/S/W Family | D81: Assumption | E81: In-correct | F81: =IF(E81="","",IF(E81="Correct",0,1)) -> 1 | H81: 0.0025115741 | I81: =IF(H81="","",I80) -> 0.0013888889 | J81: =IF(I81="","",1-AVERAGE(OFFSET('Daily Data'!$F$2,0,0,COUNTA('Daily Data'!$F$2:$F$997),1))) -> 0.81578947 | K81: In this question, I had an option comparison left. Of the two options, I understood one well and other I didn't understand. The one I had no clue about was the correct one. I didn't analyze my options against the conclusion of the argument. | L81: OC
A82: 82 | B82: Top college graduates are having more difficulty | C82: =IF(OR(D82="Strengthen", D82="Weaken", D82="Assumption", D82="Evaluate Argument", D82="If-true S/W"), "A/S/W Family", (IF(OR(D82="Bold Faced", D82="Describe the argument"), "Structure Family", IF(OR(D82="Conclusion", D82="Inference"), "Conclusion", IF(D82="Explains Discrepancy","Explain","Others"))))) -> A/S/W Family | D82: Assumption | E82: In-correct | F82: =IF(E82="","",IF(E82="Correct",0,1)) -> 1 | H82: 0.0018287037 | I82: =IF(H82="","",I81) -> 0.0013888889 | J82: =IF(I82="","",1-AVERAGE(OFFSET('Daily Data'!$F$2,0,0,COUNTA('Daily Data'!$F$2:$F$997),1))) -> 0.81578947 | K82: Time constraint issues, Went through an option like it was nothing and missed it as a result. There is a genuine concern that I am counting out good options as NI which should not be case. | L82: R
A83: 83 | B83: Investigators concluded that human failure was not responsible for the fatal airplane crash last August, and since | C83: =IF(OR(D83="Strengthen", D83="Weaken", D83="Assumption", D83="Evaluate Argument", D83="If-true S/W"), "A/S/W Family", (IF(OR(D83="Bold Faced", D83="Describe the argument"), "Structure Family", IF(OR(D83="Conclusion", D83="Inference"), "Conclusion", IF(D83="Explains Discrepancy","Explain","Others"))))) -> A/S/W Family | D83: Assumption | E83: Correct | F83: =IF(E83="","",IF(E83="Correct",0,1)) -> 0 | H83: 0.0018981481 | I83: =IF(H83="","",I82) -> 0.0013888889 | J83: =IF(I83="","",1-AVERAGE(OFFSET('Daily Data'!$F$2,0,0,COUNTA('Daily Data'!$F$2:$F$997),1))) -> 0.81578947 | K83: REMEMBER the conclusion and premise throughout solving the question.
A84: 84 | B84: Those who think with a hierarchical mentality strive for situations in which their side is dominant and the other side is submissive | C84: =IF(OR(D84="Strengthen", D84="Weaken", D84="Assumption", D84="Evaluate Argument", D84="If-true S/W"), "A/S/W Family", (IF(OR(D84="Bold Faced", D84="Describe the argument"), "Structure Family", IF(OR(D84="Conclusion", D84="Inference"), "Conclusion", IF(D84="Explains Discrepancy","Explain","Others"))))) -> A/S/W Family | D84: Assumption | E84: Correct | F84: =IF(E84="","",IF(E84="Correct",0,1)) -> 0 | H84: 0.0018518519 | I84: =IF(H84="","",I83) -> 0.0013888889 | J84: =IF(I84="","",1-AVERAGE(OFFSET('Daily Data'!$F$2,0,0,COUNTA('Daily Data'!$F$2:$F$997),1))) -> 0.81578947 | K84: Here the language was deliberately confusing in many ways, but I knew my answer before jumping into the options.
A85: 85 | B85: Products sold under a brand name | C85: =IF(OR(D85="Strengthen", D85="Weaken", D85="Assumption", D85="Evaluate Argument", D85="If-true S/W"), "A/S/W Family", (IF(OR(D85="Bold Faced", D85="Describe the argument"), "Structure Family", IF(OR(D85="Conclusion", D85="Inference"), "Conclusion", IF(D85="Explains Discrepancy","Explain","Others"))))) -> Explain | D85: Explains Discrepancy | E85: Correct | F85: =IF(E85="","",IF(E85="Correct",0,1)) -> 0 | H85: 0.0021643519 | I85: =IF(H85="","",I84) -> 0.0013888889 | J85: =IF(I85="","",1-AVERAGE(OFFSET('Daily Data'!$F$2,0,0,COUNTA('Daily Data'!$F$2:$F$997),1))) -> 0.81578947
A86: 86 | B86: In Asia, where palm tree are non-native | C86: =IF(OR(D86="Strengthen", D86="Weaken", D86="Assumption", D86="Evaluate Argument", D86="If-true S/W"), "A/S/W Family", (IF(OR(D86="Bold Faced", D86="Describe the argument"), "Structure Family", IF(OR(D86="Conclusion", D86="Inference"), "Conclusion", IF(D86="Explains Discrepancy","Explain","Others"))))) -> Explain | D86: Explains Discrepancy | E86: Correct | F86: =IF(E86="","",IF(E86="Correct",0,1)) -> 0 | H86: 0.0011226852 | I86: =IF(H86="","",I85) -> 0.0013888889 | J86: =IF(I86="","",1-AVERAGE(OFFSET('Daily Data'!$F$2,0,0,COUNTA('Daily Data'!$F$2:$F$997),1))) -> 0.81578947
A87: 87 | B87: Drug manufacturer: Television audiences are sure to realize that the "physician" | C87: =IF(OR(D87="Strengthen", D87="Weaken", D87="Assumption", D87="Evaluate Argument", D87="If-true S/W"), "A/S/W Family", (IF(OR(D87="Bold Faced", D87="Describe the argument"), "Structure Family", IF(OR(D87="Conclusion", D87="Inference"), "Conclusion", IF(D87="Explains Discrepancy","Explain","Others"))))) -> Others | D87: Structure | E87: Correct | F87: =IF(E87="","",IF(E87="Correct",0,1)) -> 0 | H87: 0.0017476852 | I87: =IF(H87="","",I86) -> 0.0013888889 | J87: =IF(I87="","",1-AVERAGE(OFFSET('Daily Data'!$F$2,0,0,COUNTA('Daily Data'!$F$2:$F$997),1))) -> 0.81578947
A88: 88 | B88: In Gandania, where government has a monopoly | C88: =IF(OR(D88="Strengthen", D88="Weaken", D88="Assumption", D88="Evaluate Argument", D88="If-true S/W"), "A/S/W Family", (IF(OR(D88="Bold Faced", D88="Describe the argument"), "Structure Family", IF(OR(D88="Conclusion", D88="Inference"), "Conclusion", IF(D88="Explains Discrepancy","Explain","Others"))))) -> A/S/W Family | D88: Weaken | E88: Correct | F88: =IF(E88="","",IF(E88="Correct",0,1)) -> 0 | H88: 0.0015277778 | I88: =IF(H88="","",I87) -> 0.0013888889 | J88: =IF(I88="","",1-AVERAGE(OFFSET('Daily Data'!$F$2,0,0,COUNTA('Daily Data'!$F$2:$F$997),1))) -> 0.81578947
A89: 89 | B89: Mall Owner: Our mall's occupancy rate is so low | C89: =IF(OR(D89="Strengthen", D89="Weaken", D89="Assumption", D89="Evaluate Argument", D89="If-true S/W"), "A/S/W Family", (IF(OR(D89="Bold Faced", D89="Describe the argument"), "Structure Family", IF(OR(D89="Conclusion", D89="Inference"), "Conclusion", IF(D89="Explains Discrepancy","Explain","Others"))))) -> A/S/W Family | D89: Weaken | E89: In-correct | F89: =IF(E89="","",IF(E89="Correct",0,1)) -> 1 | H89: 0.0018171296 | I89: =IF(H89="","",I88) -> 0.0013888889 | J89: =IF(I89="","",1-AVERAGE(OFFSET('Daily Data'!$F$2,0,0,COUNTA('Daily Data'!$F$2:$F$997),1))) -> 0.81578947 | K89: The correct option was initially ignored as irrelevant CONFUSED S with W | L89: R
B90: In one state, all citites and most towns have anti-smoking ordinances. | C90: =IF(OR(D90="Strengthen", D90="Weaken", D90="Assumption", D90="Evaluate Argument", D90="If-true S/W"), "A/S/W Family", (IF(OR(D90="Bold Faced", D90="Describe the argument"), "Structure Family", IF(OR(D90="Conclusion", D90="Inference"), "Conclusion", IF(D90="Explains Discrepancy","Explain","Others"))))) -> Others | D90: If True - Others | E90: Correct | F90: =IF(E90="","",IF(E90="Correct",0,1)) -> 0 | H90: 0.0027777778 | I90: =IF(H90="","",I89) -> 0.0013888889 | J90: =IF(I90="","",1-AVERAGE(OFFSET('Daily Data'!$F$2,0,0,COUNTA('Daily Data'!$F$2:$F$997),1))) -> 0.81578947 | K90: VERY SLOWW ! New question type and at the last moment re-read the question so it was in the end a basic error that I committed of not reading the question well
A91: 91 | B91: In preparation for a large scalre tree planting project | C91: =IF(OR(D91="Strengthen", D91="Weaken", D91="Assumption", D91="Evaluate Argument", D91="If-true S/W"), "A/S/W Family", (IF(OR(D91="Bold Faced", D91="Describe the argument"), "Structure Family", IF(OR(D91="Conclusion", D91="Inference"), "Conclusion", IF(D91="Explains Discrepancy","Explain","Others"))))) -> A/S/W Family | D91: Weaken | E91: In-correct | F91: =IF(E91="","",IF(E91="Correct",0,1)) -> 1 | H91: 0.0019328704 | I91: =IF(H91="","",I90) -> 0.0013888889 | J91: =IF(I91="","",1-AVERAGE(OFFSET('Daily Data'!$F$2,0,0,COUNTA('Daily Data'!$F$2:$F$997),1))) -> 0.81578947 | K91: This was a focus issue as I spent little time on the option. Also no OPTION COMPARISION | L91: OC
A92: 92 | B92: A proposed change to federal income tax laws | C92: =IF(OR(D92="Strengthen", D92="Weaken", D92="Assumption", D92="Evaluate Argument", D92="If-true S/W"), "A/S/W Family", (IF(OR(D92="Bold Faced", D92="Describe the argument"), "Structure Family", IF(OR(D92="Conclusion", D92="Inference"), "Conclusion", IF(D92="Explains Discrepancy","Explain","Others"))))) -> A/S/W Family | D92: Assumption | E92: In-correct | F92: =IF(E92="","",IF(E92="Correct",0,1)) -> 1 | H92: 0.0025347222 | I92: =IF(H92="","",I91) -> 0.0013888889 | J92: =IF(I92="","",1-AVERAGE(OFFSET('Daily Data'!$F$2,0,0,COUNTA('Daily Data'!$F$2:$F$997),1))) -> 0.81578947 | K92: READING Error, confused weaken with strengthen, Chose an ONLY option | L92: R
A93: 93 | B93: Three large companies and seven small companies | C93: =IF(OR(D93="Strengthen", D93="Weaken", D93="Assumption", D93="Evaluate Argument", D93="If-true S/W"), "A/S/W Family", (IF(OR(D93="Bold Faced", D93="Describe the argument"), "Structure Family", IF(OR(D93="Conclusion", D93="Inference"), "Conclusion", IF(D93="Explains Discrepancy","Explain","Others"))))) -> A/S/W Family | D93: Assumption | E93: Correct | F93: =IF(E93="","",IF(E93="Correct",0,1)) -> 0 | H93: 0.0019328704 | I93: =IF(H93="","",I92) -> 0.0013888889 | J93: =IF(I93="","",1-AVERAGE(OFFSET('Daily Data'!$F$2,0,0,COUNTA('Daily Data'!$F$2:$F$997),1))) -> 0.81578947
A94: 94 | B94: Heavy rains during Centralia's corn planting season prevented | C94: =IF(OR(D94="Strengthen", D94="Weaken", D94="Assumption", D94="Evaluate Argument", D94="If-true S/W"), "A/S/W Family", (IF(OR(D94="Bold Faced", D94="Describe the argument"), "Structure Family", IF(OR(D94="Conclusion", D94="Inference"), "Conclusion", IF(D94="Explains Discrepancy","Explain","Others"))))) -> Conclusion | D94: Conclusion | E94: Correct | F94: =IF(E94="","",IF(E94="Correct",0,1)) -> 0 | H94: 0.0012962963 | I94: =IF(H94="","",I93) -> 0.0013888889 | J94: =IF(I94="","",1-AVERAGE(OFFSET('Daily Data'!$F$2,0,0,COUNTA('Daily Data'!$F$2:$F$997),1))) -> 0.81578947
A95: 95 | B95: The public is well aware that high blood cholesterol levels raise the risk of stroke caused by blood clots. But | C95: =IF(OR(D95="Strengthen", D95="Weaken", D95="Assumption", D95="Evaluate Argument", D95="If-true S/W"), "A/S/W Family", (IF(OR(D95="Bold Faced", D95="Describe the argument"), "Structure Family", IF(OR(D95="Conclusion", D95="Inference"), "Conclusion", IF(D95="Explains Discrepancy","Explain","Others"))))) -> A/S/W Family | D95: Assumption | E95: Correct | F95: =IF(E95="","",IF(E95="Correct",0,1)) -> 0 | H95: 0.00125 | I95: =IF(H95="","",I94) -> 0.0013888889 | J95: =IF(I95="","",1-AVERAGE(OFFSET('Daily Data'!$F$2,0,0,COUNTA('Daily Data'!$F$2:$F$997),1))) -> 0.81578947 | K95: The question was easy | M95: Easy
A96: 96 | B96: “DNA fingerprinting” is a recently-introduced biochemical procedure that uses a pattern derived from a person’s genetic | C96: =IF(OR(D96="Strengthen", D96="Weaken", D96="Assumption", D96="Evaluate Argument", D96="If-true S/W"), "A/S/W Family", (IF(OR(D96="Bold Faced", D96="Describe the argument"), "Structure Family", IF(OR(D96="Conclusion", D96="Inference"), "Conclusion", IF(D96="Explains Discrepancy","Explain","Others"))))) -> A/S/W Family | D96: Weaken | E96: Correct | F96: =IF(E96="","",IF(E96="Correct",0,1)) -> 0 | H96: 0.0020717593 | I96: =IF(H96="","",I95) -> 0.0013888889 | J96: =IF(I96="","",1-AVERAGE(OFFSET('Daily Data'!$F$2,0,0,COUNTA('Daily Data'!$F$2:$F$997),1))) -> 0.81578947 | K96: The question had difficult language, Options were easier | M96: Med
A97: 97 | B97: The more television children watch, the less competent they are in mathematical knowledge. More than a third of children in the United States watch television for more than five hours | C97: =IF(OR(D97="Strengthen", D97="Weaken", D97="Assumption", D97="Evaluate Argument", D97="If-true S/W"), "A/S/W Family", (IF(OR(D97="Bold Faced", D97="Describe the argument"), "Structure Family", IF(OR(D97="Conclusion", D97="Inference"), "Conclusion", IF(D97="Explains Discrepancy","Explain","Others"))))) -> A/S/W Family | D97: Assumption | E97: Correct | F97: =IF(E97="","",IF(E97="Correct",0,1)) -> 0 | H97: 0.0017476852 | I97: =IF(H97="","",I96) -> 0.0013888889 | J97: =IF(I97="","",1-AVERAGE(OFFSET('Daily Data'!$F$2,0,0,COUNTA('Daily Data'!$F$2:$F$997),1))) -> 0.81578947 | K97: Clear answer in the last option as predicted | M97: Easy
A98: 98 | B98: Physiological research has uncovered disturbing evidence linking a number of structural disorders to jogging. Among the ailments seemingly connected with this now-popular sport | C98: =IF(OR(D98="Strengthen", D98="Weaken", D98="Assumption", D98="Evaluate Argument", D98="If-true S/W"), "A/S/W Family", (IF(OR(D98="Bold Faced", D98="Describe the argument"), "Structure Family", IF(OR(D98="Conclusion", D98="Inference"), "Conclusion", IF(D98="Explains Discrepancy","Explain","Others"))))) -> A/S/W Family | D98: Assumption | E98: Correct | F98: =IF(E98="","",IF(E98="Correct",0,1)) -> 0 | H98: 0.0017476852 | I98: =IF(H98="","",I97) -> 0.0013888889 | J98: =IF(I98="","",1-AVERAGE(OFFSET('Daily Data'!$F$2,0,0,COUNTA('Daily Data'!$F$2:$F$997),1))) -> 0.81578947 | K98: POE | M98: Easy
A99: 99 | B99: Joshua Smith’s new novel was criticized by the book editor for The Daily Standard as implausible. | C99: =IF(OR(D99="Strengthen", D99="Weaken", D99="Assumption", D99="Evaluate Argument", D99="If-true S/W"), "A/S/W Family", (IF(OR(D99="Bold Faced", D99="Describe the argument"), "Structure Family", IF(OR(D99="Conclusion", D99="Inference"), "Conclusion", IF(D99="Explains Discrepancy","Explain","Others"))))) -> A/S/W Family | D99: Weaken | E99: Correct | F99: =IF(E99="","",IF(E99="Correct",0,1)) -> 0 | H99: 0.0018287037 | I99: =IF(H99="","",I98) -> 0.0013888889 | J99: =IF(I99="","",1-AVERAGE(OFFSET('Daily Data'!$F$2,0,0,COUNTA('Daily Data'!$F$2:$F$997),1))) -> 0.81578947 | K99: Followed good reading and option comparison method | M99: Med
A100: 100 | B100: J. J. Thomson, the discoverer of the electron and a recipient of the Nobel Price in physics, | C100: =IF(OR(D100="Strengthen", D100="Weaken", D100="Assumption", D100="Evaluate Argument", D100="If-true S/W"), "A/S/W Family", (IF(OR(D100="Bold Faced", D100="Describe the argument"), "Structure Family", IF(OR(D100="Conclusion", D100="Inference"), "Conclusion", IF(D100="Explains Discrepancy","Explain","Others"))))) -> A/S/W Family | D100: Assumption | E100: In-correct | F100: =IF(E100="","",IF(E100="Correct",0,1)) -> 1 | H100: 0.0011805556 | I100: =IF(H100="","",I99) -> 0.0013888889 | J100: =IF(I100="","",1-AVERAGE(OFFSET('Daily Data'!$F$2,0,0,COUNTA('Daily Data'!$F$2:$F$997),1))) -> 0.81578947 | K100: READING and NON-Negation because of Speed | L100: R | M100: Easy
...

Sheet Overall Analysis
A1: SN | B1: (All) | F1: Acronyms
A2: Family | B2: (All) | F2: LE | G2: Logic Error
A3: Type | B3: (All) | F3: R | G3: Question/Option misreading
A4: Difficulty | B4: (All) | F4: SO | G4: Very subtle options
F5: DW/W | G5: DW/W Error means that mis-identifying the type of option in an assumption question, which generally has 4 options - Direct Weakner, Assumption, Strengthener, Irrelevant option or Outside scopte
A6: Row Labels | B6: Average of Q. Time | C6: # of Problems | D6: % Problems | F6: RN | G6: Option negation error in Assumtion family questions
A7: 0
A8: Correct
A9: (blank) | B9: 0.0017344043 | C9: 217 | D9: 0.81578947
A10: 0 Count | B10: 217 | C10: 217 | D10: 0.81578947
A11: 0 Average | B11: 0.0017344043 | C11: 0 | D11: 0
A12: 1
A13: In-correct
A14: LE | B14: 0.0021666667 | C14: 5 | D14: 0.018796992
A15: NI | B15: 0.0024259259 | C15: 5 | D15: 0.018796992
A16: OC | B16: 0.0024050926 | C16: 5 | D16: 0.018796992
A17: R | B17: 0.0020882937 | C17: 14 | D17: 0.052631579
A18: SO | B18: 0.0024918981 | C18: 10 | D18: 0.037593985
A19: (blank) | B19: 0.0021484375 | C19: 8 | D19: 0.030075188
A20: DW/W | B20: 0.0016203704 | C20: 1 | D20: 0.0037593985
A21: RN | B21: 0.0016203704 | C21: 1 | D21: 0.0037593985
A22: 1 Count | B22: 49 | C22: 49 | D22: 0.18421053
A23: 1 Average | B23: 0.0022361584 | C23: 1 | D23: 0.0037593985
A24: (blank)
A25: (blank)
A26: (blank) | D26: 0
A27: (blank) Count | D27: 0
A28: (blank) Average | D28: 0
A29: Grand Total | B29: 0.0018268327 | C29: 266 | D29: 1

Sheet Sheet2
A1: Strengthen/TS
A2: Weaken
A3: Conclusion
A4: Assumption | F4: 700
A5: Bold Faced
A6: Evaluate Argument
A7: If True - Others | F7: =-0.0002*LN(F4) + 0.0027 -> 0.0013897839
A8: If-true S
A9: If-true W
A10: Inference
A11: Explains Discrepancy
A12: Structure
A13: Xsupport
A14: XWeaken
